 Dungeon Crawl Stone Soup version 0.18.1-5-g4a78601 (webtiles) character file.

9713 Jerry the Blocker (level 11, -2/75 HPs)
             Began as a Formicid Fighter on May 14, 2016.
             Was an Elder of Kikubaaqudgha.
             Slain by an orc high priest
             ... wielding a +0 halberd
              (10 damage)
             ... on level 2 of the Orcish Mines on May 15, 2016.
             The game lasted 01:05:40 (12290 turns).

Jerry the Blocker (Formicid Fighter)               Turns: 12290, Time: 01:05:41

Health: -2/75      AC: 17    Str: 21      XL:     11   Next: 79%
Magic:  11/11      EV:  5    Int: 10 (11) God:    Kikubaaqudgha [****..]
Gold:   1029       SH: 13    Dex: 13      Spells: 2 memorised, 5 levels left

rFire  + . .     SeeInvis +     a - +1 war axe
rCold  . . .     Gourm    +     b - +0 scale mail
rNeg   . . .     Faith    .     c - +0 shield
rPois  +         Spirit   .     (helmet unavailable)
rElec  .         Dismiss  .     p - +0 cloak
rCorr  .         Reflect  .     x - +1 pair of gloves {Dex+3}
SustAt .         Harm     .     u - +1 pair of boots
MR     ++...                    C - amulet of the gourmand
Stlth  ..........               e - ring of protection from fire
                                l - ring of protection from magic

@: very resistant to hostile enchantments, extremely unstealthy
A: permanent stasis, dig shafts and tunnels, four strong arms, antennae 3,
yellow scales 1, poison resistance
a: Dig, Shaft Self, Receive Corpses, Renounce Religion


You were on level 2 of the Orcish Mines.
You worshipped Kikubaaqudgha.
Kikubaaqudgha was greatly pleased with you.
You were very full.

You visited 3 branches of the dungeon, and saw 13 of its levels.

You collected 1029 gold pieces.

Inventory:

Hand Weapons
 a - a +1 war axe (weapon)
Armour
 b - a +0 scale mail (worn)
 c - a +0 shield (worn)
 p - a +0 cloak (worn)
 u - a +1 pair of boots (worn)
 x - a +1 pair of gloves of dexterity (worn)
Jewellery
 e - a ring of protection from fire (right hand)
 l - a ring of protection from magic (left hand)
 C - an amulet of the gourmand (around neck)
 K - a +4 amulet of reflection {unknown}
Wands
 A - a wand of paralysis (23/24)
 F - a wand of iceblast (5/15)
 J - a wand of confusion (12/48)
 L - a wand of flame (13/48)
Scrolls
 h - a scroll of holy word {unknown}
 j - 3 scrolls of magic mapping
 m - a scroll of brand weapon {unknown}
 n - a scroll of amnesia
 r - 2 scrolls of immolation
 y - a scroll of recharging
 D - a scroll of noise {unknown}
 M - a scroll of enchant weapon
 Q - a scroll of identify
 S - a scroll of teleportation {unknown}
Potions
 g - a potion of cure mutation
 k - 2 potions of flight
 s - a potion of berserk rage {unknown}
 t - 2 potions of degeneration
 w - 2 potions of brilliance
 z - a potion of resistance {unknown}
 B - 4 potions of lignification
 G - a potion of experience {unknown}
 O - a potion of magic {unknown}
Books
 i - Kikubaaqudgha's Almanac of Unholy Magic
   (Kikubaaqudgha gifted it to you on level 5 of the Dungeon)

   Spells                             Type                      Level
   a - Animate Skeleton               Necromancy                   1
   b - Corpse Rot                     Necromancy                   2
   c - Sublimation of Blood           Necromancy                   2
   d - Vampiric Draining              Necromancy                   3
   e - Control Undead                 Necromancy                   4
 I - the Grimoire of Talismans
   (You found it on level 9 of the Dungeon)

   Spells                             Type                      Level
   a - Infusion                       Charms                       1
   b - Swiftness                      Charms/Air                   2
   c - Ozocubu's Armour               Charms/Ice                   3
   d - Regeneration                   Charms/Necromancy            3
   e - Spectral Weapon                Hexes/Charms                 3
 P - Kikubaaqudgha's Guide on Stolen Souls
   (Kikubaaqudgha gifted it to you on level 9 of the Dungeon)

   Spells                             Type                      Level
   a - Animate Dead                   Necromancy                   4
   b - Agony                          Necromancy                   5
   c - Cigotuvi's Embrace             Necromancy                   5
   d - Dispel Undead                  Necromancy                   5
   e - Simulacrum                     Ice/Necromancy               6
Comestibles
 d - 6 beef jerkies
 f - 13 bread rations
 q - 2 royal jellies
 v - 3 meat rations
 H - 7 slices of pizza
 N - 2 fruits


   Skills:
 - Level 3.2 Fighting
 + Level 9.8 Axes
 + Level 10.5 Armour
 + Level 11.9 Shields
 + Level 6.8 Necromancy


You had 5 spell levels left.
You knew the following spells:

 Your Spells              Type           Power        Failure   Level  Hunger
a - Animate Skeleton      Necr           N/A          8%          1    ##.....
b - Animate Dead          Necr           N/A          63%         4    #####..


Dungeon Overview and Level Annotations

Branches:
Dungeon (10/15)            Temple (1/1) D:7             Orc (2/2) D:10
   Lair: D:8-11         Elf: Orc:2

Altars:
Ashenzari
Cheibriados
Dithmenos
Elyvilon
Fedhas
Gozag
Kikubaaqudgha
Makhleb
Nemelex Xobeh
Okawaru
Pakellas
Qazlal
Ru
Sif Muna
Trog
Vehumet
Xom
Yredelemnul
Zin
The Shining One

Shops:
D:10 [

Annotations:
D:9 exclusion: orange crystal statue


Innate Abilities, Weirdness & Mutations

You are under a permanent stasis effect.
You can dig through walls and to a lower floor.
Your four strong arms can wield two-handed weapons with a shield.
You have a pair of large antennae on your head (SInv).
You are partially covered in yellow scales (AC +2).
Your system is resistant to poisons.


Message History

The smoke demon is heavily wounded.
You miss the sun demon.
The sun demon is lightly wounded.
The sun demon hits you.
You are engulfed in flames.
You resist. You block the red devil's attack. The smoke demon gestures at you.
Beogh smites you!
The orc high priest is engulfed in a cloud of scalding steam.
The orc high priest hits you but does no damage.
You block the red devil's attack. The smoke demon gestures at you.
The ball of steam hits you! You resist. The sun demon hits you!
* * * LOW HITPOINT WARNING * * *
You are engulfed in flames!
You resist.
* * * LOW HITPOINT WARNING * * *
The red devil hits you but does no damage.
There is a stone staircase leading up, spattered with blood here.
The orc high priest hits you from afar with a halberd!
You die...
Kikubaaqudgha rasps: "You have failed me!
Welcome... death!"

.. .... ## ..#.##. ###
....... ##.## ......
..#....##...### ##......
........##.##.## #......#
..........[....# ........
..........o[#.####.......
.......[@3§§...#.#....##.
.........3§.#.#)[........
.......#§4§.####..[......
.............# ###.#.....
..........#.## ### o..8
.........#...# {{..
.$.#.....##..# o.
..........###. {o {


oo You could see an orc high priest, a sun demon, a smoke demon and a red devil.

Vanquished Creatures
  Erica (D:9)
  An unseen horror (D:10)
  A hill giant (D:9)
  An orc sorcerer (Orc:1)
  Psyche (D:8)
  A gargoyle (D:10)
  A human (D:8)
  4 yaks (D:10)
  Eustachio (D:6)
  A hippogriff (D:5)
  A hog (D:8)
  Edmund (D:5)
  A water moccasin (D:10)
  Duvessa (D:5)
  3 ice beasts
  2 sky beasts (D:10)
  2 phantoms
  8 orc warriors
  11 ogres
  The ghost of vible the Ruffian, an amateur DrTm (D:3)
  4 centaurs
  A big kobold (D:7)
  7 giant frogs
  A gnoll sergeant (D:9)
  Dowan (D:5)
  A wyvern skeleton (D:8)
  3 wights (D:6)
  5 howler monkeys
  6 crimson imps
  A quasit (D:7)
  A centaur zombie (D:6)
  7 hounds
  7 orc priests
  Crazy Yiuf (D:6)
  A giant frog skeleton (D:7)
  2 jellies
  Jessica (D:2)
  A centaur skeleton (D:8)
  2 iguanas
  12 orc wizards
  8 worker ants
  3 sheep (D:8)
  A killer bee zombie (D:7)
  A hound skeleton (D:6)
  9 gnolls
  2 howler monkey skeletons
  9 adders
  A shadow imp (D:10)
  3 oozes
  An adder zombie (D:9)
  4 adder skeletons
  2 worms (D:2)
  3 dart slugs
  2 giant geckos
  54 orcs
  8 bats
  3 giant cockroaches
  9 hobgoblins
  17 jackals
  9 kobolds
  3 quokkas
  A giant gecko zombie (D:6)
  6 giant newts
  5 goblins
  A jackal zombie (D:5)
  17 rats
291 creatures vanquished.

Vanquished Creatures (collateral kills)
  An orc warrior (Orc:2)
  A scorpion (D:10)
  2 orcs (D:10)
4 creatures vanquished.

Vanquished Creatures (others)
  A giant gecko (D:6)
  An orc (D:6)
  A quokka (D:6)
  A giant newt (D:6)
4 creatures vanquished.

Grand Total: 299 creatures vanquished

Notes
Turn   | Place    | Note
--------------------------------------------------------------
     0 | D:1      | Jerry the Formicid Fighter began the quest for the Orb.
     0 | D:1      | Reached XP level 1. HP: 18/18 MP: 1/1
    54 | D:1      | Reached XP level 2. HP: 24/24 MP: 2/2
    62 | D:1      | Reached skill level 4 in Shields
   215 | D:1      | Reached XP level 3. HP: 26/29 MP: 3/3
   613 | D:2      | Noticed Jessica
   622 | D:2      | Killed Jessica
   622 | D:2      | Reached XP level 4. HP: 3/35 MP: 4/4
  1518 | D:2      | Reached XP level 5. HP: 41/41 MP: 5/5
  1629 | D:2      | Found a sacrificial altar of Ru.
  1938 | D:3      | Noticed vible's ghost (amateur DrTm)
  1946 | D:3      | Killed vible's ghost
  1946 | D:3      | Reached skill level 5 in Shields
  1946 | D:3      | Reached XP level 6. HP: 41/47 MP: 6/6
  2134 | D:3      | Found a faded altar to an unknown god.
  2755 | D:3      | Reached skill level 5 in Armour
  2865 | D:4      | Reached XP level 7. HP: 46/52 MP: 7/7
  2910 | D:4      | You fall through a shaft for 3 floors!
  3002 | D:7      | Found a staircase to the Ecumenical Temple.
  3008 | Temple   | Entered the Ecumenical Temple
  3233 | Temple   | Became a worshipper of Kikubaaqudgha
  3284 | D:7      | Reached skill level 6 in Shields
  3362 | D:6      | Noticed Eustachio
  3602 | D:6      | Killed Eustachio
  3602 | D:6      | Reached skill level 5 in Axes
  3657 | D:5      | Entered Level 5 of the Dungeon
  3955 | D:5      | Reached XP level 8. HP: 50/58 MP: 8/8
  4372 | D:4      | Found a sparkling altar of Nemelex Xobeh.
  4573 | D:4      | Reached skill level 7 in Shields
  5421 | D:5      | Noticed Edmund
  5437 | D:5      | Killed Edmund
  5437 | D:5      | Reached skill level 8 in Shields
  5478 | D:5      | Noticed Dowan
  5479 | D:5      | Noticed Duvessa
  5494 | D:5      | Killed Duvessa
  5494 | D:5      | Reached XP level 9. HP: 45/64 MP: 9/9
  5495 | D:5      | Killed Dowan
  5495 | D:5      | Reached * piety under Kikubaaqudgha
  5495 | D:5      | Received a gift from Kikubaaqudgha
  5496 | D:5      | Identified Kikubaaqudgha's Almanac of Unholy Magic (Kikubaaqudgha gifted it to you on level 5 of the Dungeon)
  5499 | D:5      | Learned a level 1 spell: Animate Skeleton
  5551 | D:5      | Reached skill level 1 in Necromancy
  5891 | D:6      | Noticed Crazy Yiuf
  5897 | D:6      | Killed Crazy Yiuf
  6047 | D:6      | Reached skill level 9 in Shields
  6105 | D:6      | Found a white marble altar of Elyvilon.
  6788 | D:7      | Found a radiant altar of Vehumet.
  6848 | D:7      | Reached ** piety under Kikubaaqudgha
  6864 | D:7      | Reached XP level 10. HP: 65/70 MP: 10/10
  7518 | D:8      | Found a glowing golden altar of the Shining One.
  7903 | D:8      | Reached skill level 10 in Shields
  7911 | D:8      | Noticed Psyche
  7923 | D:8      | Killed Psyche
  8143 | D:9      | Noticed a hill giant
  8279 | D:9      | Killed a hill giant
  8467 | D:9      | Found a deep blue altar of Sif Muna.
  8495 | D:9      | Noticed an orange crystal statue
  8588 | D:9      | Noticed Erica
  8606 | D:9      | Killed Erica
  8606 | D:9      | Reached skill level 5 in Necromancy
  8768 | D:9      | Identified the Grimoire of Talismans
  8820 | D:9      | Reached XP level 11. HP: 75/75 MP: 11/11
  9642 | D:9      | Found a basalt altar of Yredelemnul.
  9810 | D:9      | Reached *** piety under Kikubaaqudgha
  9810 | D:9      | Received a gift from Kikubaaqudgha
  9820 | D:9      | Reached skill level 11 in Shields
  9828 | D:9      | Identified Kikubaaqudgha's Guide on Stolen Souls (Kikubaaqudgha gifted it to you on level 9 of the Dungeon)
  9834 | D:9      | Learned a level 4 spell: Animate Dead
  9918 | D:9      | Found a snail-covered altar of Cheibriados.
  9984 | D:10     | Entered Level 10 of the Dungeon
 10091 | D:10     | Found Cuesk's Armour Boutique.
 10091 | D:10     | Found a staircase to the Orcish Mines.
 10186 | D:10     | Reached skill level 10 in Armour
 10223 | D:10     | Gained mutation: You are partially covered in yellow scales (AC +2). [mutagenic meat]
 10224 | D:10     | Gained mutation: Your system is resistant to poisons. [mutagenic meat]
 10530 | D:10     | Noticed an unseen horror
 10541 | D:10     | Killed an unseen horror
 10874 | D:10     | Reached **** piety under Kikubaaqudgha
 11133 | Orc:1    | Entered Level 1 of the Orcish Mines
 11264 | Orc:1    | Noticed an orc sorcerer
 11286 | Orc:1    | Killed an orc sorcerer
 11614 | Orc:2    | Entered Level 2 of the Orcish Mines
 11648 | Orc:2    | Noticed an orc high priest
 12184 | Orc:2    | Noticed a sun demon
 12280 | Orc:2    | Noticed a sun demon
 12290 | Orc:2    | Slain by an orc high priest

Skill      XL: |  1  2  3  4  5  6  7  8  9 10 11 |
---------------+----------------------------------+-----
Shields        | 4 5 6 8 9 10 11 | 11.9
Armour         | 4 5 6 7 8 9 10 | 10.5
Axes           | 3 4 5 6 7 8 9 |  9.8
Necromancy     | 3 5 6 |  6.8
Fighting       | |  3.2

Action                   |  1- 3 |  4- 6 |  7- 9 | 10-12 || total
-------------------------+-------+-------+-------+-------++-------
Melee: War axe           |    81 |   189 |   493 |   634 ||  1397
 Cast: Animate Skeleton  |       |       |       |    13 ||    13
Evoke: Wand              |       |       |       |     2 ||     2
  Use: Potion            |     1 |     1 |     1 |     5 ||     8
       Scroll            |       |       |    14 |     2 ||    16
 Stab: Invisible         |       |       |     1 |       ||     1
  Eat: Chunk             |       |     7 |    15 |    34 ||    56
       Pizza             |       |       |     1 |       ||     1
Armor: Scale mail        |    42 |    56 |   193 |   186 ||   477
Dodge: Dodged            |    26 |    65 |   160 |   166 ||   417
Block: Shield            |    58 |    80 |   298 |   369 ||   805
